 Dungeon Crawl Stone Soup version 0.26.0-45-g9c1d065592 (webtiles) character file.

Game seed: 1053310251357451058

(classic levelgen) 82 thiole the Magician (level 4, -5/29 HPs)
             Began as an Octopode Hedge Wizard on Jan 29, 2021.
             Splashed by an orc's acid (13 damage)
             ... on level 3 of the Dungeon.
             The game lasted 00:06:08 (2837 turns).

thiole the Magician (Octopode Hedge Wizard)         Turns: 2837, Time: 00:06:08

Health: -5/29      AC:  1    Str:  9    XL:     4   Next: 43%
Magic:  8/8        EV: 10    Int: 17    God:
Gold:   69         SH:  7    Dex: 11    Spells: 1/9 levels left

rFire    . . .     SeeInvis .   a - +0 dagger
rCold    . . .     Faith    .   g - +0 kite shield
rNeg     . . .     Spirit   .   b - +0 hat
rPois    .         Reflect  .   (no amulet)
rElec    .         Harm     .   (no ring)
rCorr    .         Rampage  .   (no ring)
Will     .....                  (no ring)
Stlth    +++.......             (no ring)
HPRegen  0.09/turn              (no ring)
MPRegen  0.11/turn              (no ring)
                                (no ring)
                                (no ring)

@: no status effects
A: almost no armour, stealthy swim, amphibious, 8 rings, constrict 8, camouflage
1, gelatinous body 1
a: no special abilities


You were on level 3 of the Dungeon.
You visited 1 branch of the dungeon, and saw 3 of its levels.

You collected 69 gold pieces.

Inventory:

Hand Weapons
 a - a +0 dagger (weapon)
Armour
 b - a +0 hat (worn)
 g - a +0 kite shield (worn)
Jewellery
 i - an uncursed amulet of faith
Scrolls
 d - a scroll of immolation {unknown}
 e - a scroll of enchant armour {unknown}
 f - a scroll of remove curse
 h - 2 scrolls of identify {unknown}
Potions
 c - a potion of curing {unknown}


   Skills:
 + Level 1.9 Fighting
 - Level 2.0 Dodging
 - Level 2.6 Stealth
 * Level 1.3 Shields
 - Level 3.0 Spellcasting
 - Level 3.0 Conjurations
 + Level 1.2 Summonings
 - Level 1.0 Translocations


You had one spell level left.
You knew the following spells:

 Your Spells              Type           Power        Failure   Level
a - Magic Dart            Conj           48%          30%         1
b - Call Imp              Summ           6%           67%         2
c - Blink                 Tloc           N/A          71%         2
d - Mephitic Cloud        Conj/Pois/Air  5%           90%         3

Your spell library contained the following spells:

 Spells                   Type           Power        Failure   Level
 Slow                     Hex            2%           83%         2
 Conjure Flame            Conj/Fire      7%           86%         3


Dungeon Overview and Level Annotations

Branches:
Dungeon (3/15)

Altars:
Wu Jian
The Shining One


Innate Abilities, Weirdness & Mutations

You cannot wear most types of armour.
You are very stealthy in the water. (Stealth+)
You are amphibious.
You can wear up to eight rings at the same time.
You can use your tentacles to constrict eight enemies at once.
Your skin changes colour to match your surroundings (Stealth+).
Your rubbery body absorbs attacks. (AC +1, EV +1)


Message History

An orc comes into view.
It is wielding a +0 hand axe and carrying a wand of acid (7).
An orc is nearby!
Your magical contamination has completely faded away.
You start resting.
An orc is nearby!
You block the orc's attack.
You hit the orc. You grab the orc. You squeeze the orc.
You kill the orc!
Things that are here:
a +0 trident; a +0 leather armour You start resting.
Magic restored.
An orc comes into view. It is wielding a +0 flail.
An orc is nearby!
The orc shouts! x2
The orc zaps a wand.
The bolt of acid hits you!!
Ouch! That really hurt!
* * * LOW HITPOINT WARNING * * *
You are splashed with acid!
You die...

##.#.# #.#.#
.. #.#.# ...
#.#.# o..
#.#.######.#
#.#...)....#
#.#........#
#.#.......<+
#.#...@....#
#.#...o.......
#.#........###
#.#...........
#.##.......###
#.##.......#
#)##.......#
#.##.......#
#.#


You could see 2 orcs.

Vanquished Creatures
  An adder (D:2)
  3 worms (D:2)
  2 dart slugs (D:1)
  2 orcs (D:3)
  A ball python (D:1)
  4 giant cockroaches
  7 goblins
  7 hobgoblins
  3 bats
  2 frilled lizards
  4 kobolds
  5 rats
41 creatures vanquished.

Vanquished Creatures (collateral kills)
  2 adders (D:2)
  A leopard gecko (D:2)
  A frilled lizard (D:2)
  A kobold (D:2)
5 creatures vanquished.

Grand Total: 46 creatures vanquished

Notes
Turn   | Place    | Note
-------+----------+-------------------------------------------
     0 | D:1      | thiole the Octopode Hedge Wizard began the quest for the
                  | Orb.
     0 | D:1      | Reached XP level 1. HP: 11/11 MP: 4/4
   401 | D:1      | Reached XP level 2. HP: 17/17 MP: 6/6
   410 | D:1      | Learned a level 2 spell: Call Imp
   413 | D:1      | Learned a level 2 spell: Blink
  1071 | D:1      | Reached XP level 3. HP: 21/21 MP: 4/7
  1573 | D:2      | Reached skill level 1 in Fighting
  1635 | D:2      | Learned a level 3 spell: Mephitic Cloud
  2074 | D:2      | Reached XP level 4. HP: 29/29 MP: 2/8
  2149 | D:2      | Found an ornate altar of the Wu Jian Council.
  2175 | D:2      | Reached skill level 1 in Shields
  2462 | D:2      | Found a glowing golden altar of the Shining One.
  2837 | D:3      | Splashed by an orc's acid

Illustrated notes

Levels and vault maps discovered:
D:1:      dpeg_arrival_arbitrary_a, layout_basic, minmay_pentomino_r2
D:2:      layout_loops_ring, pdpol_wu_jian_five_deadly_venoms, tso_altar
D:3:      layout_basic, lemuel_coloured_pillars_altar, lemuel_tele_altar,
          uniq_natasha

Skill      XL: |  1  2  3  4 |
---------------+-------------+-----
Conjurations   | 2 3 |  3.0
Fighting       | 1 |  1.9
Shields        | 1 |  1.3
Dodging        | |  2.0
Stealth        | |  2.6
Spellcasting   | |  3.0
Summonings     | |  1.2
Translocations | |  1.0

Action                   |  1- 3 |  4- 6 || total
-------------------------+-------+-------++-------
Melee: Dagger            |    30 |     6 ||    36
       Constrict         |     9 |     3 ||    12
       Tentacles         |     5 |     2 ||     7
 Cast: Magic Dart        |    83 |    20 ||   103
       Call Imp          |     2 |     5 ||     7
  Use: Scroll            |       |     1 ||     1
 Stab: Sleeping          |     1 |       ||     1
Armor: Skin              |     1 |       ||     1
Dodge: Dodged            |    18 |     6 ||    24
Block: Kite shield       |       |     1 ||     1
